 Dungeon Crawl Stone Soup version 0.24-a0-201-gf205589 (webtiles) character file.

Game seed: 12976631763712475430

7 Borgoz the Covered (level 2, 0/20 HPs)
             Began as a Halfling Fighter on Mar 24, 2019.
             Succumbed to a kobold's poison
             ... on level 1 of the Dungeon.
             The game lasted 00:00:51 (139 turns).

Borgoz the Covered (Halfling Fighter)                Turns: 139, Time: 00:00:52

Health: 0/20       AC:  8    Str: 20    XL:     2   Next: 5%
Magic:  2/2        EV:  9    Int:  6    God:
Gold:   20         SH: 10    Dex: 13    Spells: 1/1 levels left

rFire    . . .     SeeInvis .   k - +2 short sword (venom)
rCold    . . .     Gourm    .   c - +0 shield
rNeg     . . .     Faith    .   b - +0 scale mail
rPois    .         Spirit   .   (no helmet)
rElec    .         Reflect  .   (no cloak)
rCorr    .         Harm     .   j - +0 pair of gloves
MR       .....                  (no boots)
Stlth    ..........             (no amulet)
HPRegen  0.06/turn              i - +3 ring of strength
MPRegen  0.08/turn              (no ring)

@: lethally poisoned (0 -> -4), flying
A: small, mutation resistance 1
a: no special abilities


You were on level 1 of the Dungeon.
You were not hungry.

You visited 1 branch of the dungeon, and saw 1 of its levels.

You collected 20 gold pieces.

Inventory:

Hand Weapons
 a - a +0 rapier
 k - a +2 short sword of venom (weapon)
Armour
 b - a +0 scale mail (worn)
 c - a +0 shield (worn)
 j - a +0 pair of gloves (worn)
Jewellery
 i - a +3 ring of strength (left hand)
Potions
 d - 2 potions of might
Comestibles
 f - a ration
 g - 4 chunks of flesh


   Skills:
 + Level 2.7 Fighting
 * Level 2.6 Short Blades
 + Level 0.2 Throwing
 + Level 3.3 Armour
 + Level 0.2 Dodging
 + Level 0.2 Stealth
 + Level 3.3 Shields
 + Level 0.1 Spellcasting


You had one spell level left.
You didn't know any spells.
Your spell library was empty.

Dungeon Overview and Level Annotations

Branches:
Dungeon (1/15)

Altars:


Innate Abilities, Weirdness & Mutations

You are small and have problems with some larger weapons.
You are somewhat resistant to further mutation.


Message History

Things that are here:
a chunk of flesh; a rat skeleton
g - 4 chunks of flesh (gained 1)
* * * LOW HITPOINT WARNING * * *
You feel sick.
* * * LOW HITPOINT WARNING * * *
You feel sick.
* * * LOW HITPOINT WARNING * * *
You feel sick.
Found a scroll labeled YFODDUOKIS.
* * * LOW HITPOINT WARNING * * *
You feel sick.
As you read the scroll labeled ITWUCA UBBUPH, it crumbles to dust.
You feel strangely unstable.
It was a scroll of teleportation.
* * * LOW HITPOINT WARNING * * *
You feel sick.
Your surroundings suddenly seem different.
Okay, then.
You aren't carrying any scrolls.
You die...

.# ###..............##
##...(.... .# #########.#####.#
#......... .# #.# ##
#.#.##...##.. .# #.. .# #.#
#...#... .# #.##.# ### ##.##.#.
.# #.# .# #.##.#. .# #.# .#
#...... .# #.##.# ####.## ##
#..@.############ #
###########.......... # #..
###.......#######.. #
#.###(.....###.......#
##########.##....###............
...).......##...#......#######..
####...###.#...#.....###
.......# #.....#....## ####...#
#.#...#....##


There were no monsters in sight!

Vanquished Creatures
  A goblin (D:1)
  2 kobolds (D:1)
  A bat (D:1)
  A frilled lizard (D:1)
  2 rats (D:1)
7 creatures vanquished.

Notes
Turn   | Place    | Note
-------+----------+-------------------------------------------
     0 | D:1      | Borgoz the Halfling Fighter began the quest for the Orb.
     0 | D:1      | Reached XP level 1. HP: 15/15 MP: 1/1
   116 | D:1      | Reached XP level 2. HP: 17/20 MP: 2/2
   136 | D:1      | HP: 1/20 [poisoned by a kobold]
   139 | D:1      | Succumbed to a kobold's poison

Levels and vault maps discovered:
D:1:      dpeg_arrival_oval, layout_loops_ring

Action                   || total
-------------------------++-------
Melee: Rapier            ||    11
  Use: Scroll            ||     1
       Potion            ||     1
Armor: Scale mail        ||     5
Dodge: Dodged            ||     4
Block: Shield            ||     5

Table legend:
 A = Non-vault XP
 B = Vault XP
 C = Vault XP percentage of total XP
 D = Non-vault monster count
 E = Vault monster count
 F = Vault count percentage of total count
                 A         B        C        D         E       F
            +---------+---------+-------+---------+---------+-------
      Total |      10 |       0 |   0.0 |       7 |       0 |   0.0
            +---------+---------+-------+---------+---------+-------
        D:1 |      10 |       0 |   0.0 |       7 |       0 |   0.0
            +---------+---------+-------+---------+---------+-------
